 Dungeon Crawl Stone Soup version 0.30-a0-715-gdb4ae3ece1 (webtiles) character file.

Game seed: 16292343515450345932

228 NinjaNoafa the Conjurer (level 6, -6/36 HPs)
             Began as an Octopode Conjurer on Jan 24, 2023.
             Mangled by Terence
             ... wielding a +4 short sword of protection
              (9 damage)
             ... on level 3 of the Dungeon.
             The game lasted 00:02:25 (2423 turns).

NinjaNoafa the Conjurer (Octopode Conjurer)         Turns: 2423, Time: 00:02:25

Health: -6/36      AC:  1    Str:  6    XL:     6   Next: 2%
Magic:  1/12       EV: 13    Int: 23    God:
Gold:   112        SH:  0    Dex: 10    Spells: 10/13 levels left

rFire   . . .      SeeInvis .    b - staff of conjuration
rCold   . . .      Faith    .    (no shield)
rNeg    . . .      Spirit   .    (helmet restricted)
rPois   .          Reflect  .    (no amulet)
rElec   .          Harm     .    (no ring)
rCorr   .          Rampage  .    (no ring)
Will    .....                    (no ring)
Stlth   +++                      (no ring)
HPRegen 0.26/turn                (no ring)
MPRegen 0.13/turn                (no ring)
                                 (no ring)
                                 (no ring)

@: no status effects
A: almost no armour, amphibious, 8 rings, camouflage 1, gelatinous body 1,
(nimble swimmer 1), tentacles
a: no special abilities


You were on level 3 of the Dungeon.
You visited 1 branch of the dungeon, and saw 3 of its levels.

You collected 112 gold pieces.

Inventory:

Missiles
 h - 6 atropa-tipped darts
Magical Staves
 b - a staff of conjuration (weapon)
Jewellery
 k - a ring of willpower
Scrolls
 c - a scroll of immolation {unknown}
 d - a scroll of noise {unknown}
 f - 2 scrolls of teleportation {unknown}
 j - a scroll of poison {unknown}
 l - a scroll of fear {unknown}
Potions
 a - a potion of magic
 e - a potion of heal wounds {unknown}
 g - a potion of degeneration {unknown}
 i - a potion of lignification {unknown}


   Skills:
 - Level 2.0 Dodging
 - Level 2.6 Stealth
 + Level 4.1 Spellcasting
 + Level 5.7 Conjurations
 * Level 0.0 Translocations


You had 10 spell levels left.
You knew the following spells:

 Your Spells              Type           Power      Damage    Failure   Level
a - Magic Dart            Conj           100%       1d8       1%          1
b - Searing Ray           Conj           92%        2d7       1%          2

Your spell library contained the following spells:

 Spells                   Type           Power      Damage    Failure   Level
 Dazzling Flash           Conj/Hex       52%        N/A       10%         3
 Fulminant Prism          Conj/Hex       13%        3d8       32%         4
 Iskenderun's Mystic Bla  Conj/Tloc      26%        2d7       32%         4


Dungeon Overview and Level Annotations

Branches:
Dungeon (3/15)

Altars:

Annotations:
D:3 Terence


Innate Abilities, Weirdness & Mutations

You cannot wear most types of armour.
You are amphibious.
You can wear up to eight rings at the same time.
Your skin changes colour to match your surroundings (Stealth+).
Your rubbery body absorbs attacks. (AC +1, EV +1)
((You are camouflaged when in or above water. (Stealth+)))
You have tentacles for arms and can constrict up to eight enemies at once.


Message History

Terence hits you with a +4 short sword of protection!
* * * LOW HITPOINT WARNING * * *
The searing ray hits Terence but does no damage.
Terence is lightly wounded.
The searing ray hits the fungus!
The fungus is lightly damaged.
The searing ray hits the fungus!
The fungus is moderately damaged.
You finish channelling your searing ray.
A nearby fungus withers and dies. x2; Terence barely misses you.
Okay, then.
Casting: Searing Ray (safe; 1% risk of failure)
Confirm with . or Enter, or press ? or * to list all spells.
Aiming: Searing Ray (safe; 1% risk of failure)
Press: ? - help, Shift-Dir - straight line, f/p - Terence
Aim: Terence, wielding a +4 short sword of protection and wearing a +0 scale mail (lightly wounded, 84% to hit)
You feel a surge of power!
The searing ray hits Terence.
Terence is moderately wounded. (Press . to maintain the ray.) Terence misses you.
The searing ray hits Terence!
Terence is severely wounded.
Terence misses you.
The searing ray misses Terence.
Terence hits you with a +4 short sword of protection.
* * * LOW HITPOINT WARNING * * *
The searing ray misses Terence.
You finish channelling your searing ray.
Terence barely misses you.
Casting: Searing Ray (safe; 1% risk of failure)
Confirm with . or Enter, or press ? or * to list all spells.
Aiming: Searing Ray (safe; 1% risk of failure)
Press: ? - help, Shift-Dir - straight line, f/p - Terence
Aim: Terence, wielding a +4 short sword of protection and wearing a +0 scale mail (severely wounded, 84% to hit)
You feel a surge of power!
The searing ray hits Terence.
Terence is severely wounded. (Press . to maintain the ray.) Terence shouts, "ATTACK!!!"
Terence hits you with a +4 short sword of protection!
You die... ####### #PPPPP#

#P....###
##P...P..##
#.........#
#.....P...#
#.)##.....#
##@###...#...
####@#
#.##.#.
#...<# ... .
#.#### ..#.
#~ ..# #. #


You could see Terence.

Vanquished Creatures
  Sigmund (D:2)
  2 adders (D:2)
  2 dart slugs (D:2)
  4 ball pythons
  4 bats
  4 endoplasms
  A giant cockroach (D:1)
  6 hobgoblins
  2 jackals (D:1)
  2 quokkas
  3 goblins (D:1)
  5 kobolds
  7 rats
  A spectral goblin (D:1)
44 creatures vanquished.

Vanquished Creatures (others)
  3 fungi (D:3)
  5 plants (D:1)
  4 toadstools (D:3)
12 creatures vanquished.

Grand Total: 56 creatures vanquished

Notes
Turn   | Place    | Note
-------+----------+-------------------------------------------
     0 | D:1      | NinjaNoafa the Octopode Conjurer began the quest for the
                  | Orb.
     0 | D:1      | Reached XP level 1. HP: 11/11 MP: 3/3
    49 | D:1      | Found a faded altar of an unknown god.
   119 | D:1      | Reached XP level 2. HP: 17/17 MP: 0/5
   733 | D:1      | Reached XP level 3. HP: 21/21 MP: 4/6
   760 | D:1      | Learned a level 2 spell: Searing Ray
  1695 | D:2      | Noticed Sigmund
  1714 | D:2      | Killed Sigmund
  1715 | D:2      | Reached skill level 5 in Conjurations
  1715 | D:2      | Reached XP level 4. HP: 25/27 MP: 1/10
  1715 | D:2      | Reached XP level 5. HP: 29/31 MP: 1/11
  2234 | D:2      | Reached XP level 6. HP: 36/36 MP: 7/12
  2392 | D:3      | Noticed Terence
  2423 | D:3      | Mangled by Terence

Illustrated notes

Levels and vault maps discovered:
D:1:      tarquinn_simple_flora_water_c, layout_loops_cross,
          dreamdust_ecumenical_altar_drowned_temple, serial_bayou_pond_b
D:2:      layout_loops_corners, uniq_sigmund
D:3:      layout_loops_ring, gup_sewer_entry_pipe, minmay_gold_behind_fungi,
          hex_medium, uniq_terence

Skill      XL: |  1  2  3 |
---------------+----------+-----
Spellcasting   | 4 |  4.1
Conjurations   | 5 |  5.7
Dodging        | |  2.0
Stealth        | |  2.6

Action                     |  1- 3 |  4- 6 || total
---------------------------+-------+-------++-------
  Melee: Unarmed           |     3 |       ||     3
         Tentacles         |     2 |     2 ||     4
         Staff             |     7 |     3 ||    10
         Constrict         |     2 |     1 ||     3
   Cast: Magic Dart        |    65 |    19 ||    84
         Searing Ray       |     1 |     3 ||     4
 Armour: Skin              |     3 |     2 ||     5
  Dodge: Dodged            |    16 |    12 ||    28

Table legend: (Time is in decaauts)
 A = Elapsed time spent in this place.
 B = Non-inter-level travel time spent in this place.
 C = Inter-level travel time spent in this place.
 D = Time resting spent in this place.
 E = Time spent auto-exploring this place.
 F = Levels seen in this place.
 G = Mean time per level.
                   A        B        C        D        E       F      G
               +--------+--------+--------+--------+--------+-----+--------+
         Total |   2424 |   2292 |    132 |      0 |   2011 |   3 |  808.0 |
       Dungeon |   2424 |   2292 |    132 |      0 |   2011 |   3 |  808.0 |
               +--------+--------+--------+--------+--------+-----+--------+

Top non-repeatable levels by time:
     D:2: 1266 daAuts
     D:1: 1115 daAuts
     D:3: 42 daAuts
